[Event "WR Chess Masters 2023"]
[Site "Duesseldorf"]
[Date "2023.02.23"]
[Round "7.1"]
[White "Aronian, Levon"]
[Black "Nepomniachtchi, Ian"]
[Result "0-1"]
[ECO "D37"]
[WhiteElo "2736"]
[BlackElo "2793"]
[Annotator "TA"]
[PlyCount "106"]
[EventDate "2023.02.16"]
[EventCountry "GER"]
[SourceTitle "playchess.com"]
[Source "ChessBase"]
[SourceQuality "1"]
[TimeControl "40/7200:20/3600:900+30"]

1. d4 Nf6 2. c4 e6 3. Nf3 d5 4. Nc3 Be7 5. Bf4 O-O 6. e3 c5 7. dxc5 Bxc5 8. cxd5 Nxd5 9. Nxd5 exd5 10. Bd3 Bb4+ {[%emt 0:00:29] D37: Queen's Gambit Declined: 5 Bf4.} 11. Nd2 Nc6 12. O-O Be7 {[%emt 0:00:18] [#] White has an edge.} 13. Qb3 $146 ({Predecessor:} 13. Rc1 Qb6 14. Qc2 Nb4 15. Bxh7+ Kh8 16. Qc7 Qxc7 17. Rxc7 Bd8 18. Bd6 Bxc7 19. Bxf8 {1-0 Nepomniachtchi,I (2774)-Nakamura,H (2743) Sinquefield Cup 7th 2019 (5)}) 13... Bf6 14. a3 Qe7 15. Rac1 (15. Qxd5 $2 Rd8 16. Qb3 Qd7 17. Bxh7+ Kxh7 $19) 15... Be6 16. Qb5 Rac8 17. Rc2 a6 (17... g5 $5 18. Bg3 $8 h5 $11) 18. Qb6 Qd7 (18... g5 $5 19. Bg3 $8 Qd7 $11) 19. Nb3 Bd8 20. Qc5 Be7 21. Qb6 Bd8 (21... g5 $5 22. Bg3 $8 Bd8 $11) 22. Qc5 Be7 23. Qb6 g5 (23... Bd8 $5 24. Qc5 $8 $11) 24. Bg3 Bd8 25. Qc5 Be7 26. Qb6 f5 (26... Bd8 $5 27. Qc5 $8 Be7 28. Qb6 $11) 27. f3 (27. f4 $11 {feels stronger.}) 27... Bd8 $1 $15 28. Qc5 Be7 {[%emt 0:00:02] Repels Qd6} (28... Qf7 $5) 29. Qb6 Bd8 30. Qc5 f4 (30... Qf7 $5 ) 31. exf4 gxf4 (31... d4 {is interesting.} 32. Bc4 Na7 33. Rfc1 d3) 32. Bf2 Be7 33. Qb6 Bd8 $1 34. Qc5 Bf6 {[%emt 0:04:33] ...Ne5 would be deadly.} 35. Rfc1 Qg7 36. Qd6 Rce8 (36... Rfe8 $5 37. Qxf4 Bg5 $11) 37. Re1 (37. Qxf4 Bxb2 38. Qg3 Qxg3 39. hxg3 Bxc1 40. Rxc1 Ne5 $17) (37. Rd1 $11) 37... Ne5 38. Nd4 {[%emt 0:04:48] [#] Now White is beyond hope.} (38. Kf1 $15) 38... Bh3 $1 $19 (38... Nxd3 39. Nxe6 Qg6 40. Ree2 (40. Nxf8 $2 Rxe1+ {[%mdl 64] Overworked Piece} 41. Bxe1 Bd4+ {[%mdl 64] Discovered Attack} 42. Kf1 Qxd6 $19) 40... Nxf2 41. Qxd5 $14 (41. Kxf2 $2 Bd4+ {[%mdl 64] Pin} 42. Kf1 Be3 $19) (41. Nxf8 $2 Nh3+ 42. Kf1 Qd3 $17)) 39. Bf1 Nf7 $1 $40 {[%emt 0:00:19][%csl LRd4,LRd6][%mdl 192] Discovered Attack. Black is out for blood.} 40. Qxd5 {[%emt 0:00:00] aiming for Ne2.} Rxe1 41. Bxe1 {[%emt 0:00:04] Ne2 is the strong threat.} Bxd4+ 42. Kh1 Bc8 43. Bc4 Re8 {[%emt 0:05:48] Dodges Qe4} (43... Bxb2 44. Bb4 Bxa3 45. Bxa3 $16) 44. Bb4 Qf6 ({Don't do} 44... Bxb2 45. Re2 (45. Rxb2 $2 Be6 $19 {[%mdl 64] Skewer}) 45... Be5 46. Rxe5 $18) 45. Bd3 {[%emt 0:01:23] [#]} Bc3 $1 46. Bxc3 {[%emt 0:06:26] [#]} Qxc3 $3 {[%emt 0:00:08][%mdl 576] Remove Defender, Back Rank} 47. g4 Qf6 48. Rc7 $2 (48. Qh5 h6 49. Qg6+ Qxg6 50. Bxg6) 48... Re1+ {[%emt 0:01:51] Black is clearly winning.} 49. Kg2 Be6 50. Qh5 Qxb2+ 51. Kh3 h6 {[%emt 0:03:32] ( -> ...Ng5+)} 52. Qg6+ Qg7 53. Kh4 {[%emt 0:00:03] [#]} Rh1 $1 {[%emt 0:01:16] Ingenious play by Nepomniachtchi!   Weighted Error Value: White=0.38/Black=0.04 (flawless)} 0-1

[Event "WR Chess Masters 2023"]
[Site "Duesseldorf"]
[Date "2023.02.23"]
[Round "7.2"]
[White "Esipenko, Andrey"]
[Black "Gukesh D"]
[Result "0-1"]
[ECO "E11"]
[WhiteElo "2675"]
[BlackElo "2718"]
[Annotator "TA"]
[PlyCount "72"]
[EventDate "2023.02.16"]
[EventCountry "GER"]
[SourceTitle "playchess.com"]
[Source "ChessBase"]
[SourceQuality "1"]
[TimeControl "40/7200:20/3600:900+30"]

1. d4 Nf6 2. c4 e6 3. Nf3 d5 4. g3 Bb4+ 5. Bd2 Be7 6. Bg2 O-O 7. O-O c6 8. Qc2 Nbd7 9. b3 b6 10. Nc3 {[%emt 0:00:33][%cal Bb1c3,Bc3e2,Be2d4][%mdl 32] E11: Bogo-Indian.} Ba6 11. e4 {[%emt 0:01:23] is now debated instead of 11.cxd5.} dxc4 12. Rfe1 {[%emt 0:00:12] [#] The position is equal.} e5 13. Ne2 $14 {[%emt 0:01:05] [#]} ({Much worse is} 13. Nxe5 Nxe5 14. dxe5 Ng4 $15) (13. dxe5 Ng4 $15) 13... Ng4 $146 ({Predecessor:} 13... cxb3 14. axb3 Bxe2 15. Rxe2 Qc7 16. Bc3 Bd6 17. dxe5 Nxe5 18. Nd4 Rfd8 19. Rd1 Bf8 {½-½ Panjwani,R (2436)-Lee,M (2377) Charlotte CCCSA Spring GM-A 2022 (3)}) 14. bxc4 exd4 15. Nexd4 Nde5 16. Nxe5 (16. Bc3 $14) 16... Nxe5 $11 17. Bc3 Bc5 (17... Bxc4 $2 18. Nf5 Ng6 19. Bxg7 $18 (19. Nxg7 f6 $18)) 18. Rad1 {[%emt 0:07:37][%cal Od4c6] Nxc6! is the strong threat.} Qc7 19. f4 (19. Nb3 $5 ) 19... Nxc4 20. Kh1 {[%emt 0:00:16] And now Nf5 would win.} Rad8 21. Nf5 $1 f6 22. Rxd8 Qxd8 23. Qe2 (23. Bf1 $11 b5 24. a4) 23... g6 $15 24. Nh6+ Kg7 25. Ng4 {[%emt 0:00:14] [#]} Bd4 $1 26. Rd1 c5 27. Qf3 $2 {[%emt 0:05:24][%mdl 8192] Loses the game.} (27. Bf3 $17 {is tougher.}) 27... h5 $19 28. Nf2 Ne3 (28... Ne5 $142 29. fxe5 fxe5 30. Bxd4 exd4) 29. Rd2 Qc7 30. Bxd4 cxd4 31. Rxd4 Qc3 {[%emt 0:02:53] ( -> ...Qe1+)} 32. Rd7+ Rf7 33. Rxf7+ Kxf7 34. h4 (34. h3 $17 {might work better.}) 34... Bc4 35. Bh3 $2 (35. f5) 35... f5 {[%emt 0:03:18] aiming for ...Qe1+.} (35... Bxa2 $2 {too greedy.} 36. f5 $17) 36. Kh2 {[%emt 0:00:16] White is weak on the light squares} Qd2 {[%emt 0:01:00] Weighted Error Value: White=0.74/Black=0.16 (very precise)} 0-1

[Event "WR Chess Masters 2023"]
[Site "Duesseldorf"]
[Date "2023.02.23"]
[Round "7.3"]
[White "Praggnanandhaa R"]
[Black "So, Wesley"]
[Result "1/2-1/2"]
[ECO "C54"]
[WhiteElo "2690"]
[BlackElo "2766"]
[Annotator "TA"]
[PlyCount "164"]
[EventDate "2023.02.16"]
[EventCountry "GER"]
[SourceTitle "playchess.com"]
[Source "ChessBase"]
[SourceQuality "1"]
[TimeControl "40/7200:20/3600:900+30"]

1. e4 e5 2. Nf3 Nc6 3. Bc4 Bc5 4. d3 Nf6 5. O-O d6 6. c3 a5 {[%emt 0:00:56] C54: Giuoco Piano: 4 c3 Nf6, main lines with 5 d4 and 5 d3.} 7. Re1 (7. Bg5 $5 ) 7... O-O 8. h3 Be6 9. Bb5 Ba7 10. Be3 Bxe3 11. Rxe3 Ne7 12. d4 c6 13. Bf1 {[%emt 0:04:43] [#]} d5 $146 ({Predecessor:} 13... Ng6 14. c4 a4 15. Nc3 Qa5 16. Qd2 h6 17. Rc1 Rfd8 18. d5 cxd5 19. Nxd5 Nd7 {½-½ Moussard,J (2676)-Van Foreest,L (2585) WchT Pool-A 13th rapid 2022 (2.3)}) 14. Nbd2 exd4 15. Nxd4 Bd7 16. e5 Ne8 17. Bd3 c5 18. N4f3 ({Not} 18. Qh5 $2 g6 19. Qh6 cxd4 $19) 18... Nc7 19. Nf1 Bf5 20. Qc2 Qd7 21. Rd1 a4 22. Bxf5 Qxf5 23. Red3 Qe6 24. Ng3 Rfd8 25. b4 axb3 26. axb3 h6 27. b4 b6 28. bxc5 bxc5 29. Rb1 Rdb8 30. Rdd1 Nb5 31. Ne2 Ng6 32. Qd2 Nxe5 33. Qxd5 {[%emt 0:01:52] [#]} Nd4 $1 {[%emt 0:05:07][%mdl 64] Deflection} 34. Rxb8+ Rxb8 35. Qxe6 Nexf3+ 36. gxf3 Nxe6 $11 {[%emt 0:00:03][%mdl 4096] Endgame KRN-KRN} 37. Rd2 Ra8 38. Kg2 Ra4 39. Kg3 g5 40. Rd5 Kg7 41. Re5 Kf6 42. Re4 Ra3 43. h4 Kf5 44. hxg5 hxg5 45. Kg2 Ra2 {[%emt 0:00:10][%cal Oa2e2] White must now prevent ...Rxe2!} 46. Kf1 Ra1+ 47. Kg2 Kf6 48. Re3 Rd1 49. Kh2 Rd2 50. Kg1 Rc2 51. Re4 Rd2 52. Re3 Kg6 53. Kf1 Ra2 54. Kg1 Ra3 55. Re4 {[%emt 0:01:27] Dodges Nf4} Ra6 56. Re3 f5 57. c4 (57. f4 $15) 57... Kf6 ({Black should try} 57... Kf7 $17 58. Rc3 Kf6) 58. Nc3 $1 $15 {[%emt 0:01:04] [#] Inhibits Ra4.} Nf4 (58... Ra1+ $1 $19 {and Black stays clearly on top.} 59. Kh2 Nf4 60. Nd5+ Nxd5 61. cxd5 f4 62. Re6+ Kf5) 59. Re8 (59. Re1 $142) 59... Ra1+ $17 60. Kh2 Rf1 (60... Ra3 $17 61. Nd5+ Nxd5 62. cxd5 Rxf3 63. Re6+ Kg7) 61. Nd5+ $15 Nxd5 62. cxd5 {[%emt 0:00:28] KR-KR} Rd1 {[%emt 0:08:30][%cal Of5f4] ...f4! is the strong threat.} 63. Re6+ {[%emt 0:00:41] The position is equal.} Kf7 64. Re5 c4 {[%emt 0:00:01] Hoping for ...c3.} 65. d6 c3 {[%emt 0:01:18] ( -> ...c2)} 66. Rxf5+ Ke6 67. Rc5 Rd3 68. Kg3 Kxd6 69. Rc8 {[%emt 0:00:05] White threatens Rd8+ and mate.} Kd5 70. Kg4 Kd4 71. Rc7 ({Much weaker is} 71. f4 gxf4 72. Kxf4 Rd2 $17) 71... Rd2 72. Kxg5 Rxf2 73. f4 Rg2+ 74. Kh5 c2 75. f5 Ke5 76. Rc5+ $1 Kf6 77. Kh4 Ke7 78. Kh3 Kd6 79. Rc8 Rd2 80. f6 Ke6 81. Rc6+ Rd6 82. Rxc2 Kxf6 {[%emt 0:00:34] Weighted Error Value: White=0.08 (flawless) /Black=0.09 (flawless)} 1/2-1/2

[Event "WR Chess Masters 2023"]
[Site "Duesseldorf"]
[Date "2023.02.23"]
[Round "7.4"]
[White "Keymer, Vincent"]
[Black "Giri, Anish"]
[Result "1/2-1/2"]
[ECO "A20"]
[WhiteElo "2690"]
[BlackElo "2780"]
[Annotator "TA"]
[PlyCount "78"]
[EventDate "2023.02.16"]
[EventCountry "GER"]
[SourceTitle "playchess.com"]
[Source "ChessBase"]
[SourceQuality "1"]
[TimeControl "40/7200:20/3600:900+30"]

1. c4 e5 2. g3 Nf6 3. Bg2 c6 4. d4 Bb4+ 5. Bd2 Bxd2+ 6. Qxd2 d6 7. Nc3 O-O {[%emt 0:00:05] [#]} 8. b3 $146 {[%emt 0:00:49] A20: English Opening: 1...e5.} ({Predecessor:} 8. e3 Nbd7 9. Nge2 Re8 10. O-O e4 11. f3 exf3 12. Rxf3 Nb6 13. b3 Bg4 14. Rf4 d5 15. cxd5 Bxe2 16. Qxe2 Nbxd5 17. Nxd5 Nxd5 {½-½ Puranik,A (2597)-Adhiban,B (2654) Moscow Aeroflot op-A 2020 (3)}) 8... Qe7 9. d5 Rd8 10. Rd1 cxd5 11. Bxd5 Na6 12. Bg2 e4 13. Qe3 Nb4 14. Bxe4 Nxe4 15. Qxe4 Qxe4 16. Nxe4 b5 17. Nf3 bxc4 18. bxc4 d5 19. Nc3 d4 20. Nd5 (20. Rxd4 $2 {too greedy.} Nc2+ 21. Kd2 Nxd4 $19) ({And not} 20. Nxd4 Rxd4 21. Rxd4 Nc2+ 22. Kd2 Nxd4 $17) 20... Nxd5 21. cxd5 Bb7 22. Rxd4 {[%emt 0:00:35] White wants to play d6.} Bxd5 23. Rd2 (23. O-O $5 Bxa2 24. Ra1 Rxd4 25. Nxd4 $14) 23... g5 {[%emt 0:04:07] [#] White must now prevent ...g4. The position is equal.} 24. O-O {[%emt 0:04:06] Hoping for Rfd1.} Bxf3 25. Rxd8+ Rxd8 26. exf3 $11 {[%emt 0:00:03][%mdl 4096] Endgame KR-KR} Rd2 27. Ra1 a5 28. a4 Rd4 $1 29. Kf1 Kg7 30. Ke2 Kg6 31. Ke3 Rb4 32. Ra3 h5 33. Ra1 f6 34. Kd3 Kf5 35. Ra2 h4 36. h3 Rb3+ 37. Ke2 Rb4 38. Kd3 Rb3+ 39. Ke2 Rb4 {[%emt 0:04:11] A balanced but interesting game.   Weighted Error Value: White=0.04 (flawless) /Black=0.03 (flawless)} 1/2-1/2

[Event "WR Chess Masters 2023"]
[Site "Duesseldorf"]
[Date "2023.02.23"]
[Round "7.5"]
[White "Abdusattorov, Nodirbek"]
[Black "Duda, Jan-Krzysztof"]
[Result "1/2-1/2"]
[ECO "C43"]
[WhiteElo "2734"]
[BlackElo "2729"]
[Annotator "TA"]
[PlyCount "97"]
[EventDate "2023.02.16"]
[EventCountry "GER"]
[SourceTitle "playchess.com"]
[Source "ChessBase"]
[SourceQuality "1"]
[TimeControl "40/7200:20/3600:900+30"]

1. e4 e5 2. Nf3 Nf6 3. d4 Nxe4 4. dxe5 Bc5 5. Bc4 Nxf2 (5... Bxf2+ 6. Kf1 d5 7. Qxd5 Qxd5 8. Bxd5 $16) 6. Bxf7+ {[%emt 0:00:17][%mdl 64] Decoy. C43: Petroff Defence: 3 d4.} Kxf7 7. Qd5+ Kg6 8. Qxc5 (8. Rf1 d6 9. Rxf2 Bxf2+ 10. Kxf2 h6 $15) 8... Nxh1 9. Nc3 h6 (9... d5 10. Nxd5 h6 11. Qc4 $16) 10. Qc4 d6 11. Nd5 {[%emt 0:23:00][%mdl 1024] aiming for e6. White has compensation.} Nc6 {[%emt 0:12:03] [#]} 12. e6 {[%emt 0:01:04] White threatens Qe4+ and mate.} Kh7 ({Much less strong is} 12... Bxe6 13. Nf4+ Kh7 14. Qe4+ $16 (14. Qxe6 $2 Re8 $19) (14. Qxe6 $2 Re8 $19)) 13. Qe4+ Kg8 {[%emt 0:00:39] And now ...Ne7 would win.} 14. e7 Qe8 {[%emt 0:00:32] Hoping for ...Rb8.} 15. Be3 {[%emt 0:03:23] [#]} Bd7 $146 {[%emt 0:06:53] Threatens to win with ...Qf7.} (15... Nxe7 $5 16. Qxe7 (16. Nxe7+ Kf7 $11) 16... Bf5 17. Qxe8+ (17. Qxc7 Qe4 $11) 17... Rxe8 $11) ({Predecessor:} 15... Nxe7 16. Qxe7 Bd7 17. Qxe8+ Rxe8 18. Kd2 Bc6 19. Nb4 Be4 20. Rxh1 Kh7 21. h4 Rhf8 22. Rf1 a5 {½-½ Orlov,V (2117)-Nepomuk,H (1979) WC-2017-P-00007 2013}) 16. Nxc7 Qxe7 17. Qxe7 Nxe7 18. Nxa8 Kf7 19. Nc7 Rc8 {[%emt 0:02:43] [#]} 20. Bxa7 $1 Rxc7 21. Kd2 (21. O-O-O $5) 21... Rc4 22. Rxh1 Ra4 23. Bb8 Bc6 24. Bxd6 {[%emt 0:02:25] Black must now prevent Ne5+.} Bxf3 ({Weaker is} 24... Rxa2 25. Ba3 $18) 25. Bxe7 {[%emt 0:00:04][%cal Oh1f1] Rf1! is the strong threat.} Bxg2 $11 {[%emt 0:00:10][%mdl 4096] Endgame KRB-KRB} 26. Rg1 Bd5 27. Bc5 Rxa2 28. Ba3 g5 {[%emt 0:00:09] The position is equal.} 29. Ke3 b5 30. c3 Ke6 31. Kf2 Kf5 32. Kg3 Bc4 33. Re1 Bd3 34. h4 Kg6 35. Rh1 Kh5 36. hxg5+ Kxg5 37. Kf3 h5 38. Rd1 Bc4 39. Rg1+ Kf5 40. Kg3 Ke4 41. Rd1 Ke3 42. Rh1 Kd3 43. Kh4 Rxa3 {[%emt 0:02:56][%mdl 64] Deflection. KRB-KR} 44. Rh3+ Kc2 45. bxa3 Kb2 46. Kg5 Kxa3 47. Kf4 b4 48. cxb4+ Kxb4 49. Rxh5 {[%emt 0:00:04] An exciting game.   Weighted Error Value: White=0.03 (flawless) /Black=0.04 (flawless)} 1/2-1/2

[Event "WR Chess Masters 2023"]
[Site "Duesseldorf"]
[Date "2023.02.24"]
[Round "8.1"]
[White "Esipenko, Andrey"]
[Black "Aronian, Levon"]
[Result "1/2-1/2"]
[ECO "E04"]
[WhiteElo "2675"]
[BlackElo "2736"]
[Annotator "TA"]
[PlyCount "72"]
[EventDate "2023.02.16"]
[EventCountry "GER"]
[SourceTitle "playchess.com"]
[Source "ChessBase"]
[SourceQuality "1"]
[TimeControl "40/7200:20/3600:900+30"]

1. d4 Nf6 2. c4 e6 3. Nf3 d5 4. g3 dxc4 5. Bg2 c5 6. O-O Nc6 7. Ne5 Bd7 8. Nxc4 cxd4 9. Bf4 Nd5 10. Nd6+ Bxd6 11. Bxd6 Nde7 12. Nd2 O-O 13. Qb3 {[%emt 0:00:55][%mdl 1024] White has compensation.} Bc8 {[%emt 0:00:47] E04: Open Catalan: 5 Nf3.} 14. Nc4 e5 15. Rac1 (15. Bxe5 Be6 16. Bd6 Bxc4 17. Bxe7 Bxb3 $15) 15... Re8 {[%emt 0:01:44] The position is equal.} 16. Ba3 {[%emt 0:01:00] Nd6 would be deadly. A strong pair of Bishops.} (16. Bxe5 Be6 17. Qxb7 Bxc4 $15) 16... Nf5 {[%emt 0:04:31] [#] Dodges Nd6} 17. e4 $146 ({Predecessor:} 17. Be4 Qc7 18. Qf3 g6 19. g4 Ng7 20. Nd6 Re6 21. Bxc6 bxc6 22. Qxc6 Qxc6 23. Rxc6 {1-0 Gelfand,B (2668)-Anand,V (2756) Leon 35th rapid 2022 (2.3)}) 17... dxe3 18. fxe3 h5 19. Rxf5 {[%emt 0:01:23][%mdl 64] Decoy} Bxf5 20. Nd6 {[%emt 0:00:07][%mdl 64] Discovered Attack, Double Attack} Be6 21. Qxb7 Qg5 $1 22. Rc3 (22. Bxc6 $2 Qxe3+ 23. Kf1 Qxc1+ $19) 22... Nd4 $2 23. exd4 $18 exd4 24. Rd3 (24. Nxe8 Rxe8 25. h4 (25. Qc6 dxc3 26. Qxe8+ Kh7 $11) 25... Qe5 $16) 24... Red8 25. h4 (25. Qxa8 $2 Rxa8 26. Kf2 (26. Bxa8 Qc1+ 27. Kf2 Qc2+ {[%mdl 64] Skewer, Double Attack} 28. Ke1 Qxd3 29. h4 Qe3+ 30. Kf1 Bh3+ 31. Bg2 d3 32. Bxh3 d2 33. Kg2 Qe2+ 34. Kh1 d1=Q+) 26... Qf6+ 27. Bf3 Rd8 $19) 25... Qg6 26. Qe4 (26. Rxd4 Qxg3 27. Qf3 Qxf3 28. Bxf3 Rab8 $16) 26... Qxe4 27. Bxe4 (27. Nxe4 $6 Rac8 $16) 27... Rab8 28. b3 (28. Rxd4 $6 Bxa2 29. Ra4 Rd7 $16) 28... Rb6 29. Nb7 (29. Rxd4 $6 Ra6 30. Bc5 Rxa2 $16) 29... Re8 30. Nd6 ({Much less strong is} 30. Rxd4 $6 Ra6 $16) 30... Rd8 31. Nb7 ({Don't take} 31. Rxd4 $6 Ra6 32. Bc5 Rxa2 $16) 31... Re8 {[%emt 0:00:10] [#]} 32. Nc5 $1 ({Don't do} 32. Rxd4 $6 Ra6 $16) 32... Bh3 33. Rxd4 Rf6 34. Rd1 {[%emt 0:00:49] Dodges Rf1+. Bb2 is the strong threat.} Bf5 35. Bxf5 (35. Bb7 $142) 35... Rxf5 $16 {[%emt 0:00:04] [#]} 36. Rd2 $1 Re3 {[%emt 0:05:57] An exciting game.   Weighted Error Value: White=0.22 (precise) /Black=0.10 (very precise)} 1/2-1/2

[Event "WR Chess Masters 2023"]
[Site "Duesseldorf"]
[Date "2023.02.24"]
[Round "8.2"]
[White "Gukesh D"]
[Black "Duda, Jan-Krzysztof"]
[Result "1/2-1/2"]
[ECO "C42"]
[WhiteElo "2718"]
[BlackElo "2729"]
[Annotator "TA"]
[PlyCount "71"]
[EventDate "2023.02.16"]
[EventCountry "GER"]
[SourceTitle "playchess.com"]
[Source "ChessBase"]
[SourceQuality "1"]
[TimeControl "40/7200:20/3600:900+30"]

1. e4 e5 2. Nf3 Nf6 3. Nxe5 d6 4. Nf3 Nxe4 5. Nc3 Nxc3 6. dxc3 Be7 7. Be3 Nc6 8. Qd2 Be6 9. O-O-O {[%emt 0:01:01] C42: Petroff Defence: 3 Nxe5 and unusual White 3rd moves.} Qd7 (9... Bxa2 $2 10. b3 $18) 10. Kb1 a6 11. h3 {[%emt 0:00:59] White has an edge. 11.Ng5 is the modern continuation.} Bf6 12. g4 h6 13. Bg2 O-O-O 14. b3 Kb8 15. Ng1 d5 16. Ne2 {[%emt 0:01:24] [#]} h5 $146 ({Predecessor:} 16... Qe7 17. Rhe1 g6 18. Kb2 h5 19. g5 Bg7 20. h4 Qb4 21. Nd4 Nxd4 22. Bxd4 Bxd4 23. Qxd4 Qxd4 24. Rxd4 {½-½ Mendl,M (2522)-Goncharenko,G (2501) GER AM01 email 2015}) 17. g5 Be5 18. Nf4 Bxf4 19. Bxf4 h4 20. c4 d4 21. Qd3 (21. Bxc6 $14 Qxc6 22. Be5) 21... Bf5 22. Bxc6 {[%emt 0:04:53] The position is equal.} bxc6 23. Qd2 {[%emt 0:00:03] [#] And now Qb4+ would win.} d3 24. Qb4+ Ka8 25. c3 (25. cxd3 Bxd3+ 26. Kb2 Qd4+ 27. Qc3 Qxf4 $17) 25... g6 (25... Bxh3 26. Qa5 Bg2 27. Bxc7 $16 (27. Qxa6+ Kb8 $14)) 26. Qc5 {[%emt 0:07:11] Strongly threatening Be3.} Kb7 (26... Bxh3 $2 27. Be3 $18) (26... d2+ 27. Kb2 Qc8 28. Rxd2 $16 (28. Qxc6+ Qb7 $16) (28. Bxd2 Kb7 $16)) 27. Qb4+ (27. Be3 Ra8 $15) 27... Kc8 28. Qa5 Kb7 (28... Bxh3 $2 29. Qxa6+ Kb8 30. Qb6+ Ka8 31. Bxc7 $18 (31. Qxc7 Bg2 $11)) ({Resist} 28... d2+ 29. Ka1 Kb7 30. Qb4+ (30. Bxd2 Bc2 $11) (30. Rxd2 Qe7 $16) 30... Ka8 31. Rxd2 $16) 29. Kb2 Rhe8 30. Rhe1 c5 31. Qxc5 Qc6 32. Qb4+ Qb6 33. Rxe8 Rxe8 34. Be3 {[%emt 0:00:46][%mdl 64] [#] Pin. The board is on fire.} Qxb4 (34... a5 $5 35. Qa3 (35. Qa4 Rxe3 36. fxe3 Qxe3 $11) 35... Rxe3 36. fxe3 Qxe3 37. Qxa5 Qe2+ 38. Ka3 Qxd1 39. Qb5+ Kc8 40. Qe8+ Kb7 41. Qb5+ Ka7 42. Qc5+ Kb8 43. Qb5+ Kc8 44. Qe8+ Kb7 45. Qb5+ $11) 35. cxb4 Bxh3 {[%emt 0:02:26] ...Bg4 is the strong threat.} 36. Rh1 {[%emt 0:00:06] Weighted Error Value: White=0.06 (flawless) /Black=0.05 (flawless)} 1/2-1/2

[Event "WR Chess Masters 2023"]
[Site "Duesseldorf"]
[Date "2023.02.24"]
[Round "8.3"]
[White "Nepomniachtchi, Ian"]
[Black "Praggnanandhaa R"]
[Result "1/2-1/2"]
[ECO "C54"]
[WhiteElo "2793"]
[BlackElo "2690"]
[Annotator "TA"]
[PlyCount "92"]
[EventDate "2023.02.16"]
[EventCountry "GER"]
[SourceTitle "playchess.com"]
[Source "ChessBase"]
[SourceQuality "1"]
[TimeControl "40/7200:20/3600:900+30"]

1. e4 e5 2. Nf3 Nc6 3. Bc4 Bc5 4. c3 Nf6 5. d3 d6 6. O-O a6 7. a4 {[%emt 0:00:33] C54: Giuoco Piano: 4 c3 Nf6, main lines with 5 d4 and 5 d3.} Ba7 8. Re1 h6 9. Nbd2 {[%emt 0:07:28] White has an edge.} O-O 10. h3 Ne7 (10... Nh5 {is more complex.} 11. Nf1 Qf6 12. Be3 Bxe3 13. Nxe3 Nf4) 11. d4 Nc6 12. dxe5 Nxe5 13. Nxe5 dxe5 14. a5 {[%emt 0:00:27] [#]} Be6 $146 ({Predecessor:} 14... Qe7 15. Qb3 Ne8 16. Nf1 Nd6 17. Be3 Nxc4 18. Qxc4 Be6 19. Qe2 Bxe3 20. Nxe3 Rfd8 {½-½ Libiszewski,F (2481)-Georgiadis,I (2473) Oberliga Baden 1819 2018 (6.1)}) 15. Bf1 Qe7 (15... g5 $5 ) 16. Qe2 Rfd8 17. b4 Bd7 18. Nf3 c5 19. Qb2 Bc6 20. Qb1 cxb4 21. cxb4 Bd4 {[%emt 0:05:18] [#] Hoping for ...Bxe4.} 22. Ra2 Rac8 {[%emt 0:08:28] ...Bxe4 is the strong threat.} 23. Bd2 Qe6 {[%emt 0:05:50] And now ...Nxe4 would win.} 24. Nxd4 Rxd4 25. f3 Bb5 26. Rc2 Bxf1 27. Rxf1 Rcd8 28. Bc3 Rc4 29. Ba1 Rxc2 30. Qxc2 Ne8 31. b5 axb5 32. Qc5 f6 33. Qxb5 Nd6 34. Qb4 Rc8 35. Rd1 Rc6 36. Kh2 Kh7 (36... Qc4 $5 37. Qxc4+ Nxc4 $11) 37. Rd5 Qd7 38. Bc3 Qc7 39. Be1 Nc8 40. Qf8 {[%emt 0:00:00] White is more active.} (40. Qd2 $14 Rc1 41. Bh4) 40... Rd6 $1 $11 {[%emt 0:00:00] The position is equal.} 41. Rb5 Ne7 {[%emt 0:10:57] [#] Strongly threatening ...Rd1.} 42. Bb4 Qc1 {[%emt 0:05:01][%cal Od6d1] ...Rd1! would be deadly.} 43. Bxd6 Qf4+ 44. Kh1 Qc1+ 45. Kh2 Qf4+ 46. Kh1 Qc1+ {[%emt 0:00:05] Weighted Error Value: White=0.07 (flawless) /Black=0.07 (flawless)} 1/2-1/2